 Dungeon Crawl Stone Soup version 0.28.0-53-g5a82cb258f (webtiles) character file.

Game seed: 14123135548440522808

1281 Renzlar the Shield-Bearer (level 8, -24/67 HPs)
             Began as a Gnoll Fighter on Aug 11, 2022.
             Annihilated by an ogre
             ... wielding a +0 giant spiked club
              (33 damage)
             ... on level 5 of the Dungeon on Aug 13, 2022.
             The game lasted 00:13:35 (4181 turns).

Renzlar the Shield-Bearer (Gnoll Fighter)           Turns: 4181, Time: 00:13:36

Health: -24/67     AC:  9    Str: 18    XL:     8   Next: 54%
Magic:  13/13      EV: 10    Int:  8    God:
Gold:   132        SH:  5    Dex: 11    Spells: 13/13 levels left

rFire   . . .      SeeInvis .   a - +0 war axe (elec)
rCold   . . .      Faith    .   e - +0 buckler
rNeg    . . .      Spirit   .   b - +0 scale mail
rPois   .          Reflect  .   (no helmet)
rElec   .          Harm     .   (no cloak)
rCorr   .          Rampage  .   (no gloves)
Will    .....                   f - +0 pair of boots
Stlth   +.........              (no amulet)
HPRegen 0.21/turn               (no ring)
MPRegen 0.13/turn               (no ring)

@: attractive
A: fangs 1, strong nose, distributed training
a: no special abilities


You were on level 5 of the Dungeon.
You visited 1 branch of the dungeon, and saw 5 of its levels.

You collected 132 gold pieces.

Inventory:

Hand Weapons
 a - a +0 war axe of electrocution (weapon)
 c - a +0 hunting sling
 d - a +3 vorpal flail
 n - a +2 vorpal spear
 r - a +2 flail of holy wrath
Missiles
 h - 108 stones (quivered)
 m - 33 bolts
 o - 11 sling bullets
Armour
 b - a +0 scale mail (worn)
 e - a +0 buckler (worn)
 f - a +0 pair of boots (worn)
Scrolls
 j - a scroll of teleportation
 l - 2 scrolls of summoning
Potions
 g - a potion of curing
 k - a potion of mutation {unknown}
 p - 2 potions of magic


   Skills:
 + Level 7.4 Fighting
 + Level 3.3 Short Blades
 + Level 3.3 Long Blades
 + Level 5.7 Axes
 + Level 3.3 Maces & Flails
 + Level 3.3 Polearms
 + Level 3.3 Staves
 + Level 3.3 Slings
 + Level 3.3 Bows
 + Level 3.3 Crossbows
 + Level 3.3 Throwing
 + Level 7.4 Armour
 + Level 3.3 Dodging
 + Level 3.3 Stealth
 + Level 7.4 Shields
 + Level 3.3 Unarmed Combat
 + Level 3.3 Spellcasting
 + Level 2.7 Conjurations
 + Level 2.7 Hexes
 + Level 2.7 Summonings
 + Level 2.7 Necromancy
 + Level 2.7 Translocations
 + Level 2.7 Transmutations
 + Level 2.7 Fire Magic
 + Level 2.7 Ice Magic
 + Level 2.7 Air Magic
 + Level 2.7 Earth Magic
 + Level 2.7 Poison Magic
 + Level 3.7 Invocations
 + Level 3.3 Evocations


You had 13 spell levels left.
You didn't know any spells.
Your spell library contained the following spells:

 Spells                   Type           Power      Damage    Failure   Level
 Foxfire                  Conj/Fire      20%        2x1d5     34%         1
 Summon Small Mammal      Summ           20%        N/A       34%         1
 Call Canine Familiar     Summ           5%         N/A       71%         3
 Conjure Flame            Conj/Fire      5%         6-21      71%         3
 Gell's Gravitas          Tloc           5%         N/A       71%         3
 Inner Flame              Hex/Fire       5%         N/A       71%         3
 Summon Guardian Golem    Hex/Summ       5%         N/A       71%         3
 Teleport Other           Tloc           5%         N/A       71%         3
 Flame Wave               Conj/Fire      5%         2d5       98%         4
 Dispersal                Tloc           2%         N/A       100%        6


Dungeon Overview and Level Annotations

Branches:
Dungeon (5/15)
 Temple: D:4-7

Altars:
Sif Muna

Shops:
D:4 (


Innate Abilities, Weirdness & Mutations

You have very sharp teeth.
Your uncanny sense of smell can sniff out nearby items.
Your experience applies equally to all skills.


Message History

Items here: )) [ ÷ †.
There is a stone staircase leading down, spattered with blood here.
You climb downwards.
The gnoll hits you with a +0 flail of protection.
The howler monkey zombie barely misses you.
The ogre hits you with a +0 giant spiked club!
You block the gnoll's attack.
There is a stone staircase leading up, spattered with blood here.
Unknown command.
You barely miss the ogre. You hit the gnoll but do no damage.
You hit the howler monkey zombie.
Lightning courses through the howler monkey zombie!
The howler monkey zombie hits you.
The ogre hits you with a +0 giant spiked club!!
The gnoll misses you.
Unknown command.
You barely miss the ogre. Your bite misses the ogre.
You barely miss the howler monkey zombie.
You closely miss the gnoll.
You block the howler monkey zombie's attack.
The gnoll hits you with a +0 flail of protection.
A phantom comes into view.
The ogre hits you with a +0 giant spiked club!!
* * * LOW HITPOINT WARNING * * *
The howler monkey zombie hits you but does no damage.
It was a potion of heal wounds.
You feel much better.
The gnoll hits you with a +0 flail of protection!
The howler monkey zombie barely misses you.
The ogre hits you with a +0 giant spiked club!
* * * LOW HITPOINT WARNING * * *
You aren't carrying any items that you can evoke.
It was a potion of attraction.
You feel attractive to monsters. You block the gnoll's attack.
The howler monkey zombie hits you.
* * * LOW HITPOINT WARNING * * *
The phantom is attracted toward you.
You barely miss the ogre. You hit the howler monkey zombie.
You hit the gnoll but do no damage.
The ogre hits you with a +0 giant spiked club!!
You die...

######
#.g..#
#..@O#
#..Z.#
#####...W##
..........#
..........#
.......()§#
.......(..#
.(.....(..+
..........#


You could see a phantom, an ogre, a gnoll and a howler monkey zombie.

Vanquished Creatures
  Pikel (D:4)
  Edmund (D:4)
  An ogre (D:4)
  A lemure (D:4)
  A phantom (D:4)
  A scorpion (D:4)
  A howler monkey (D:4)
  A jelly (D:4)
  2 hounds (D:4)
  A gnoll shaman (D:4)
  Jessica (D:3)
  An iguana (D:4)
  8 gnolls
  A howler monkey skeleton (D:4)
  7 adders
  An ufetubus (D:4)
  2 worms
  4 dart slugs
  8 endoplasms
  3 giant cockroaches
  8 goblins
  8 hobgoblins
  4 jackals (D:1)
  6 kobolds
  A quokka (D:2)
  8 ball pythons
  5 bats
  4 frilled lizards
  11 rats
102 creatures vanquished.

Notes
Turn   | Place    | Note
-------+----------+-------------------------------------------
     0 | D:1      | Renzlar the Gnoll Fighter began the quest for the Orb.
     0 | D:1      | Reached XP level 1. HP: 23/23 MP: 1/1
   103 | D:1      | Reached XP level 2. HP: 24/29 MP: 2/2
   279 | D:1      | Reached XP level 3. HP: 35/35 MP: 3/3
   643 | D:2      | Reached skill level 1 in Invocations
   819 | D:2      | Reached skill level 1 in Short Blades
   819 | D:2      | Reached skill level 1 in Long Blades
   819 | D:2      | Reached skill level 1 in Maces & Flails
   819 | D:2      | Reached skill level 1 in Polearms
   819 | D:2      | Reached skill level 1 in Staves
   819 | D:2      | Reached skill level 1 in Slings
   819 | D:2      | Reached skill level 1 in Bows
   819 | D:2      | Reached skill level 1 in Crossbows
   819 | D:2      | Reached skill level 1 in Throwing
   819 | D:2      | Reached skill level 1 in Dodging
   819 | D:2      | Reached skill level 1 in Stealth
   819 | D:2      | Reached skill level 1 in Unarmed Combat
   819 | D:2      | Reached skill level 1 in Spellcasting
   819 | D:2      | Reached skill level 1 in Evocations
  1209 | D:2      | Reached XP level 4. HP: 39/41 MP: 5/5
  1899 | D:3      | Reached skill level 1 in Conjurations
  1899 | D:3      | Reached skill level 1 in Hexes
  1899 | D:3      | Reached skill level 1 in Summonings
  1899 | D:3      | Reached skill level 1 in Necromancy
  1899 | D:3      | Reached skill level 1 in Translocations
  1899 | D:3      | Reached skill level 1 in Transmutations
  1899 | D:3      | Reached skill level 1 in Fire Magic
  1899 | D:3      | Reached skill level 1 in Ice Magic
  1899 | D:3      | Reached skill level 1 in Air Magic
  1899 | D:3      | Reached skill level 1 in Earth Magic
  1899 | D:3      | Reached skill level 1 in Poison Magic
  2131 | D:3      | Noticed Jessica
  2138 | D:3      | Killed Jessica
  2139 | D:3      | Reached XP level 5. HP: 47/47 MP: 5/7
  2145 | D:3      | Found a shimmering blue altar of Sif Muna.
  2573 | D:4      | Reached XP level 6. HP: 49/53 MP: 8/8
  2631 | D:4      | Noticed Edmund
  2633 | D:4      | Reached skill level 5 in Axes
  2652 | D:4      | Killed Edmund
  2653 | D:4      | Reached XP level 7. HP: 7/59 MP: 10/10
  3218 | D:4      | Noticed Pikel
  3233 | D:4      | Killed Pikel
  3234 | D:4      | Reached XP level 8. HP: 41/67 MP: 10/12
  3589 | D:4      | Found Murothie's Weapon Shoppe.
  3823 | D:5      | Entered Level 5 of the Dungeon
  4181 | D:5      | Annihilated by an ogre

Illustrated notes

Levels and vault maps discovered:
D:1:      sevenhm_arrival_forest_fort_large_2, layout_rooms, minivault_27,
          minmay_split_cup_small
D:2:      layout_basic, serial_park_tiny_2, minmay_misc_feat_more_columns,
          minivault_19, chequers_serial_rivers_large_b
D:3:      layout_basic, tgw_sif
D:4:      layout_basic, serial_shops, nicolae_take_the_stairs, uniq_pikel,
          uniq_edmund
D:5:      layout_gridville, nicolae_overflows_in_rows, serial_glass,
          glass_columns_b, glass_columns_a

Skill      XL: |  1  2  3  4  5  6  7 |
---------------+----------------------+-----
Invocations    | 1 2 3 |  3.7
Short Blades   | 1 2 3 |  3.3
Long Blades    | 1 2 3 |  3.3
Maces & Flails | 1 2 3 |  3.3
Polearms       | 1 2 3 |  3.3
Staves         | 1 2 3 |  3.3
Slings         | 1 2 3 |  3.3
Bows           | 1 2 3 |  3.3
Crossbows      | 1 2 3 |  3.3
Throwing       | 1 2 3 |  3.3
Dodging        | 1 2 3 |  3.3
Stealth        | 1 2 3 |  3.3
Unarmed Combat | 1 2 3 |  3.3
Spellcasting   | 1 2 3 |  3.3
Evocations     | 1 2 3 |  3.3
Conjurations   | 1 2 |  2.7
Hexes          | 1 2 |  2.7
Summonings     | 1 2 |  2.7
Necromancy     | 1 2 |  2.7
Translocations | 1 2 |  2.7
Transmutations | 1 2 |  2.7
Fire Magic     | 1 2 |  2.7
Ice Magic      | 1 2 |  2.7
Air Magic      | 1 2 |  2.7
Earth Magic    | 1 2 |  2.7
Poison Magic   | 1 2 |  2.7
Axes           | 5 |  5.7
Fighting       | 7 |  7.4
Armour         | 7 |  7.4
Shields        | 7 |  7.4

Action                   |  1- 3 |  4- 6 |  7- 9 || total
-------------------------+-------+-------+-------++-------
Melee: War axe           |    74 |    52 |    80 ||   206
       Bite              |     6 |     4 |     7 ||    17
 Fire: Hunting sling     |     9 |    53 |    58 ||   120
  Use: Scroll            |     4 |     5 |     2 ||    11
       Potion            |       |     1 |     2 ||     3
Armor: Scale mail        |    34 |    34 |    29 ||    97
Dodge: Dodged            |    34 |    34 |    42 ||   110
Block: Buckler           |    21 |    29 |    29 ||    79
